 Dungeon Crawl Stone Soup version 0.32-a0-909-gc671339a80 (webtiles) character file.

Game seed: 9923595777635803594

730 Griffin23 the Slasher (level 7, -7/62 HPs)
             Began as a Minotaur Fighter on Apr 6, 2024.
             Was a Believer of Wu Jian.
             Succumbed to an orc wizard's poison
             ... on level 5 of the Dungeon.
             The game lasted 00:07:27 (3824 turns).

Griffin23 the Slasher (Minotaur Fighter)            Turns: 3824, Time: 00:07:28

Health: -7/62      AC: 10    Str: 19 (22) XL:     7   Next: 44%
Magic:  6/6        EV:  6    Int:  4 (5)  God:    Wu Jian [**....]
Gold:   195        SH:  4    Dex:  7 (10) Spells: 6/6 levels left

rFire   . . .        a - +0 long sword
rCold   . . .        c - +0 buckler
rNeg    . . .        i - +0 chain mail
rPois   .            (helmet restricted)
rElec   .            m - scarf {repulsion}
rCorr   .            (no gloves)
SInv    .            (no boots)
Will    +....        o - amulet of regeneration Stlth
                     n - ring of willpower
HPRegen 1.10/turn    (no ring)
MPRegen 0.10/turn

%: repel missiles
@: brilliant, lethally poisoned (-7 -> -35), hasted, very quick
A: horns 2, retaliatory headbutt
a: Renounce Religion, Wall Jump


You were on level 5 of the Dungeon.
You worshipped Wu Jian.
Wu Jian was pleased with you.
You visited 1 branch of the dungeon, and saw 5 of its levels.

You collected 195 gold pieces.

Inventory:

Hand Weapons
 a - a +0 long sword (weapon)
Armour
 b - a +0 scale mail
 c - a +0 buckler (worn)
 h - a +1 cloak
 i - a +0 chain mail (worn)
 m - a scarf of repulsion (worn)
Jewellery
 n - a ring of willpower (left hand)
 o - an amulet of regeneration (around neck)
Scrolls
 e - 8 scrolls of identify
 l - a scroll of fog {unknown}
 q - a scroll of acquirement {unknown}
 s - a scroll of torment
 u - a scroll of immolation
 v - a scroll of fear {unknown}
 w - a scroll of vulnerability {unknown}
 y - a scroll of noise {unknown}
Potions
 d - 3 potions of might
 f - 2 potions of mutation
 j - 2 potions of berserk rage
 k - 2 potions of lignification
 t - a potion of attraction
 x - a potion of resistance {unknown}


   Skills:
 + Level 5.7 Fighting
 * Level 6.6 Long Blades
 + Level 5.7 Armour
 + Level 5.7 Shields


You had 6 spell levels left.
You didn't know any spells.
Your spell library contained the following spells:

 Spells                   Type           Power      Damage    Failure   Level
 Magic Dart               Conj           0%         1d3       99%         1
 Blink                    Tloc           0%         N/A       100%        2
 Call Imp                 Summ           0%         N/A       100%        2
 Hailstorm                Conj/Ice       0%         3d5       100%        3
 Passwall                 Erth           0%         N/A       100%        3
 Summon Ice Beast         Ice/Summ       0%         N/A       100%        3
 Volatile Blastmotes      Fire/Tloc      0%         2d10      100%        3
 Vhi's Electric Charge    Tloc/Air       0%         N/A       100%        4
 Bombard                  Conj/Erth      0%         9d1       100%        6
 Permafrost Eruption      Ice/Erth       0%         2x4d1     100%        6
 Sculpt Simulacrum        Ice/Alch       0%         N/A       100%        6


Dungeon Overview and Level Annotations

Branches:
Dungeon (5/15)
 Temple: D:4-7

Altars:
Wu Jian

Annotations:
D:3 2 runed translucent doors, jkt's ghost, amateur SpEn


Innate Abilities, Weirdness & Mutations

You have a pair of horns on your head.
You reflexively headbutt those who attack you in melee.


Message History

You closely miss something. Your headbutt misses something.
You feel very sick. Something hits you.
You are more poisoned.
You miss something.
You feel very sick. Something hits you but does no damage.
You are more poisoned.
You miss something.
You feel very sick. Something hits you.
You are more poisoned.
You hit something but do no damage. Your headbutt misses something.
You feel very sick. Something hits you but does no damage.
You are more poisoned.
You closely miss something.
You feel extremely sick. Something hits you.
* * * LOW HITPOINT WARNING * * *
You are lethally poisoned!
Something hits you.
* * * LOW HITPOINT WARNING * * *
It was a potion of brilliance.
You feel clever all of a sudden.
* * * LOW HITPOINT WARNING * * *
You feel extremely sick. Something hits you.
* * * LOW HITPOINT WARNING * * *
You are more poisoned.
It was a potion of degeneration.
There was something very wrong with that liquid.
You feel weakened.
You feel dopey.
You feel clumsy.
* * * LOW HITPOINT WARNING * * *
You feel extremely sick. Something hits you.
* * * LOW HITPOINT WARNING * * *
You are more poisoned.
It was a potion of haste.
You feel yourself speed up.
You die...

.....# ..........#
.....#########...#
...............>.#
.....########.##.#
#+###..........#.#
###.#####..#.#
#........#.#
#######.##)#######
.......@.......
####.##{######.
..>.... ## .##.##
#.# #.# #.# #.#


There were no monsters in sight!

Vanquished Creatures
  A sky beast (D:5)
  A gnoll sergeant (D:4)
  2 bombardier beetles
  A hound (D:4)
  2 orc priests
  2 sleepcaps (D:4)
  An iguana (D:4)
  Natasha (thrice) (D:2)
  2 orc wizards
  Terence (D:2)
  8 gnolls
  4 adders
  2 dart slugs (D:1)
  A ribbon worm (D:2)
  2 orcs
  7 ball pythons
  4 bats
  7 endoplasms
  2 giant cockroaches (D:3)
  7 goblins
  6 hobgoblins
  6 kobolds
  5 quokkas
  4 frilled lizards
  9 rats
90 creatures vanquished.

Notes
Turn   | Place    | Note
-------+----------+-------------------------------------------
     0 | D:1      | Griffin23 the Minotaur Fighter began the quest for the Orb.
     0 | D:1      | Reached XP level 1. HP: 19/19 MP: 0/0
   174 | D:1      | Reached XP level 2. HP: 18/27 MP: 1/1
   189 | D:1      | Reached skill level 3 in Long Blades
   546 | D:1      | Reached XP level 3. HP: 33/33 MP: 2/2
   911 | D:2      | Found a faded altar of an unknown god.
   930 | D:2      | Prayed at the altar of an unknown god.
   930 | D:2      | Became a worshipper of the Wu Jian Council
   930 | D:2      | Reached * piety under Wu Jian
   957 | D:2      | Noticed Natasha
   957 | D:2      | Noticed Terence
   971 | D:2      | Killed Terence
   975 | D:2      | Killed Natasha
   976 | D:2      | Reached XP level 4. HP: 24/40 MP: 3/3
  1083 | D:2      | Noticed Natasha
  1098 | D:2      | Killed Natasha
  1099 | D:2      | Reached skill level 4 in Long Blades
  1554 | D:2      | Noticed Natasha
  1563 | D:2      | Killed Natasha
  1564 | D:2      | Reached XP level 5. HP: 13/47 MP: 4/4
  1784 | D:3      | Found a runed translucent door.
  1794 | D:3      | Noticed jkt's ghost (amateur SpEn)
  1902 | D:3      | Reached ** piety under Wu Jian
  1979 | D:3      | Found a runed translucent door.
  2248 | D:4      | Reached skill level 5 in Long Blades
  2549 | D:3      | Reached XP level 6. HP: 44/55 MP: 5/5
  2727 | D:4      | Reached skill level 5 in Fighting
  2727 | D:4      | Reached skill level 5 in Armour
  2727 | D:4      | Reached skill level 5 in Shields
  3217 | D:4      | Reached skill level 6 in Long Blades
  3283 | D:4      | Reached XP level 7. HP: 58/61 MP: 6/6
  3734 | D:5      | Entered Level 5 of the Dungeon
  3823 | D:5      | HP: 3/62 [poisoned by an orc wizard]
  3823 | D:5      | HP: 1/62 [something (2)]
  3824 | D:5      | Succumbed to an orc wizard's poison

Illustrated notes

Levels and vault maps discovered:
D:1:      lemuel_arrival_behind_the_door_large, layout_loops_cross,
          chequers_decorated_corner, eino_curves_04
D:2:      layout_basic, shapermc_ecumenical_altar_mp_urbaneastern,
          corexii_item_surrounded_by_moat, uniq_natasha, uniq_terence
D:3:      layout_rooms, ebering_ghost_sewer_f, chequers_serial_rivers_micro_d,
          solitary_fountain, kennysheep_generic_room_16
D:4:      layout_cave_pods, dk_noncrumbling_4
D:5:      layout_basic, minmay_temple_entry_waves

Skill      XL: |  1  2  3  4  5  6 |
---------------+-------------------+-----
Long Blades    | 3 4 5 6 |  6.6
Armour         | 4 5 |  5.7
Fighting       | 4 5 |  5.7
Shields        | 4 5 |  5.7

Action                     |  1- 3 |  4- 6 |  7- 9 || total
---------------------------+-------+-------+-------++-------
  Melee: Long sword        |    92 |   163 |    34 ||   289
         Headbutt          |     6 |    28 |     5 ||    39
Ability: Lunge             |     1 |    11 |     1 ||    13
         Whirlwind         |       |     4 |       ||     4
         Wall Jump         |       |     2 |       ||     2
    Use: Scroll            |       |     6 |       ||     6
         Potion            |       |       |     4 ||     4
 Armour: Scale mail        |    56 |       |       ||    56
         Chain mail        |    31 |   140 |    33 ||   204
         Skin              |     2 |       |       ||     2
  Dodge: Dodged            |    46 |    42 |     7 ||    95
         Repelled          |       |     2 |       ||     2
  Block: Buckler           |    26 |    40 |     6 ||    72

Table legend: (Time is in decaauts)
 A = Elapsed time spent in this place.
 B = Non-inter-level travel time spent in this place.
 C = Inter-level travel time spent in this place.
 D = Time resting spent in this place.
 E = Time spent auto-exploring this place.
 F = Levels seen in this place.
 G = Mean time per level.
                   A        B        C        D        E       F      G
               +--------+--------+--------+--------+--------+-----+--------+
         Total |   3893 |   3806 |     87 |    453 |   2584 |   5 |  778.6 |
       Dungeon |   3893 |   3806 |     87 |    453 |   2584 |   5 |  778.6 |
               +--------+--------+--------+--------+--------+-----+--------+

Top non-repeatable levels by time:
     D:4: 1045 daAuts
     D:3: 963 daAuts
     D:2: 920 daAuts
     D:1: 872 daAuts
     D:5: 91 daAuts
